 Dungeon Crawl Stone Soup version 0.22-a0-422-g9628fc8 (webtiles) character file.

826 iamserjio the Geomancer (level 7, -2/61 HPs)
             Began as a Deep Dwarf Earth Elementalist on May 22, 2018.
             Killed by divine providence
             ... invoked by an orc priest
              (12 damage)
             ... on level 5 of the Dungeon.
             The game lasted 00:12:26 (4240 turns).

iamserjio the Geomancer (DDEE)                      Turns: 4240, Time: 00:12:27

Health: -2/61      AC:  4    Str: 12    XL:     7   Next: 64%
Magic:  9/11       EV: 14    Int: 17    God:
Gold:   261        SH:  0    Dex: 13    Spells: 6/12 levels left

rFire    . . .     SeeInvis .   e - +1 dagger (elec)
rCold    . . .     Gourm    .   (no shield)
rNeg     + . .     Faith    .   c - +0 robe
rPois    .         Spirit   .   q - +0 helmet (curse)
rElec    .         Reflect  .   (no cloak)
rCorr    .         Harm     .   (no gloves)
MR       +....                  f - +0 pair of boots
Stlth    ++........             (no amulet)
HPRegen  0.00/turn              t - ring of positive energy
MPRegen  0.12/turn              (no ring)

@: non-regenerating
A: damage resistance, heal wounds, sense surroundings 1, no regeneration
a: Heal Wounds


You were on level 5 of the Dungeon.
You were not hungry.

You visited 1 branch of the dungeon, and saw 5 of its levels.

You collected 261 gold pieces.

Inventory:

Hand Weapons
 e - a +1 dagger of electrocution (weapon)
 j - a +2 short sword of draining
 s - a cursed +0 war axe
 y - a +1 flail of holy wrath
Missiles
 b - 13 stones (quivered)
Armour
 c - a +0 robe (worn)
 f - a +0 pair of boots (worn)
 q - a cursed +0 helmet (worn)
Jewellery
 t - a ring of positive energy (left hand)
 A - an uncursed amulet of magic regeneration {unknown}
Wands
 n - a wand of digging (9)
 r - a wand of acid (6)
Scrolls
 h - 2 scrolls of remove curse
 i - 3 scrolls of teleportation
 l - a scroll of enchant weapon
 o - a scroll of fog {unknown}
 u - a scroll of amnesia {unknown}
 v - 2 scrolls of identify
 w - a scroll of random uselessness {unknown}
 x - 2 scrolls of magic mapping {unknown}
 z - a scroll of enchant armour {unknown}
Potions
 a - a potion of degeneration {unknown}
 g - a potion of magic {unknown}
 k - 2 potions of heal wounds
 m - a potion of cancellation {unknown}
 p - a potion of brilliance {unknown}
 C - 2 potions of invisibility {unknown}
 D - a potion of curing {unknown}
Comestibles
 d - 6 rations


   Skills:
 + Level 2.9 Fighting
 + Level 5.0 Dodging
 - Level 2.4 Stealth
 - Level 3.0 Spellcasting
 - Level 0.8 Transmutations
 * Level 8.7 Earth Magic


You had 6 spell levels left.
You knew the following spells:

 Your Spells              Type           Power        Failure   Level  Hunger
a - Sandblast             Erth           ####..       1%          1    None
b - Stone Arrow           Conj/Erth      ###...       9%          3    ###....
c - Passwall              Tmut/Erth      ###.......   3%          2    ##.....

Your spell library contained the following spells:

 Spells                   Type           Power        Failure   Level  Hunger
 Lee's Rapid Deconstruct  Erth           ####......   13%         5    ######.
 Petrify                  Tmut/Erth      ###.....     24%         4    ####...


Dungeon Overview and Level Annotations

Branches:
Dungeon (5/15)
 Temple: D:4-7

Altars:
Elyvilon
Fedhas


Innate Abilities, Weirdness & Mutations

You are resistant to damage.
You can heal yourself by infusing magical energy.
You passively map a small area around you.
You do not regenerate.


Message History

Press: ? - help, Shift-Dir - straight line, f - orc
Aim: an orc The blast of sand hits the orc.
You kill the orc!
b - 14 stones The giant cockroach misses you.
The orc priest invokes the aid of Beogh against you.
Beogh smites you!
* * * LOW HITPOINT WARNING * * *
Casting: Sandblast (safe; 1% risk of failure)
Confirm with . or Enter, or press ? or * to list all spells.
Aiming: Sandblast (safe; 1% risk of failure)
Press: ? - help, Shift-Dir - straight line, f - giant cockroach
Aim: a giant cockroach (clinging)
The blast of sand hits the giant cockroach.
You kill the giant cockroach!
b - 13 stones The orc priest mumbles some strange prayers to Beogh against you.
Beogh smites you!
You die...

, , ,,* , , ,
* # , * * .# ,
* , ,..# * * *
* ,,_ * ,....
, , ..... ,
,*######......
*
*#..[@$......
, ,
###%##$...o.
,, * * ,
#o........ , *
.......... , *
........... *
#........... ,
, ,,
.....$......,
* , ,
........####
** ,
.........#


You could see an orc priest and an orc.

Vanquished Creatures
  Edmund (D:4)
  Duvessa (D:5)
  2 ogres (D:4)
  Dowan (D:5)
  A scorpion (D:4)
  A water moccasin skeleton (D:4)
  An orc priest (D:3)
  2 orc wizards
  Terence (D:3)
  A worker ant (D:2)
  A hound skeleton (D:4)
  5 adders
  An ooze (D:4)
  5 worms
  3 dart slugs
  8 leopard geckos
  7 orcs
  4 giant cockroaches
  5 goblins
  6 hobgoblins
  4 jackals
  4 kobolds
  2 ball pythons
  8 bats
  4 frilled lizards
  4 rats
83 creatures vanquished.

Notes
Turn   | Place    | Note
-------+----------+-------------------------------------------
     0 | D:1      | iamserjio the Deep Dwarf Earth Elementalist began the quest for the Orb.
     0 | D:1      | Reached XP level 1. HP: 15/15 MP: 3/3
   187 | D:1      | Reached XP level 2. HP: 22/22 MP: 1/5
   941 | D:1      | Reached XP level 3. HP: 17/28 MP: 3/6
  1040 | D:2      | Reached skill level 5 in Earth Magic
  1119 | D:2      | Learned a level 3 spell: Stone Arrow
  1122 | D:2      | Learned a level 2 spell: Passwall
  1382 | D:2      | Reached XP level 4. HP: 22/36 MP: 3/7
  2071 | D:3      | Found a blossoming altar of Fedhas.
  2071 | D:3      | Found a white marble altar of Elyvilon.
  2413 | D:3      | Reached skill level 6 in Earth Magic
  2413 | D:3      | Reached XP level 5. HP: 12/42 MP: 4/8
  2928 | D:3      | Noticed Terence
  3089 | D:3      | Killed Terence
  3089 | D:3      | Reached skill level 1 in Fighting
  3174 | D:4      | Reached XP level 6. HP: 31/51 MP: 5/10
  3208 | D:4      | Noticed Edmund
  3231 | D:4      | Killed Edmund
  3231 | D:4      | Reached skill level 7 in Earth Magic
  3696 | D:4      | Reached XP level 7. HP: 16/60 MP: 5/11
  3720 | D:4      | Reached skill level 8 in Earth Magic
  3926 | D:5      | Entered Level 5 of the Dungeon
  3926 | D:5      | Noticed Duvessa
  3932 | D:5      | Noticed Dowan
  3932 | D:5      | HP: 3/61 [Duvessa/short sword (6)]
  3933 | D:5      | HP: 1/61 [Duvessa/short sword (2)]
  3934 | D:5      | Killed Duvessa
  4190 | D:5      | Killed Dowan
  4202 | D:4      | Reached skill level 5 in Dodging
  4240 | D:5      | Killed from afar by an orc priest

Vault maps used:
D:1:      evilmike_arrival_run_for_it
D:2:      lemuel_old_faithful
D:3:      gammafunk_temple_overflow_wave, first_ration, uniq_terence
D:4:      uniq_edmund
D:5:      minitemple, serial_shops, kennysheep_mini, uniq_sigmund, uniq_duvessa

Skill      XL: |  1  2  3  4  5  6  7 |
---------------+----------------------+-----
Spellcasting   | 2 3 |  3.0
Earth Magic    | 5 6 7 8 |  8.7
Dodging        | 3 4 5 |  5.0
Fighting       | 1 2 |  2.9
Stealth        | |  2.4
Transmutations | |  0.8

Action                   |  1- 3 |  4- 6 |  7- 9 || total
-------------------------+-------+-------+-------++-------
Melee: Dagger            |     8 |     6 |    11 ||    25
       Short sword       |       |    20 |       ||    20
 Cast: Sandblast         |    43 |    54 |    20 ||   117
       Stone Arrow       |       |     4 |       ||     4
 Abil: Heal Wounds       |       |     1 |     1 ||     2
  Use: Scroll            |       |     4 |       ||     4
 Stab: Sleeping          |       |     1 |     1 ||     2
  Eat: Chunk             |     2 |     5 |     1 ||     8
       Ration            |       |     1 |       ||     1
Armor: Robe              |       |     5 |     5 ||    10
Dodge: Dodged            |     6 |    42 |    11 ||    59

Table legend:
 A = Spawn XP
 B = Non-spawn XP
 C = Spawn XP percentage of total XP
 D = Spawn monster count
 E = Non-spawn monster count
 F = Spawn count percentage of total count
 G = Total turns spent on level
                    A         B        C        D         E        F      G
               +---------+---------+-------+---------+---------+-------+---------
         Total |       0 |    1180 |   0.0 |       0 |      83 |   0.0 |  4240
               +---------+---------+-------+---------+---------+-------+---------
           D:1 |       0 |      42 |   0.0 |       0 |      21 |   0.0 |  1029
           D:2 |       0 |      97 |   0.0 |       0 |      22 |   0.0 |  1022
           D:3 |       0 |     166 |   0.0 |       0 |      15 |   0.0 |  1102
           D:4 |       0 |     655 |   0.0 |       0 |      21 |   0.0 |  1062
           D:5 |       0 |     220 |   0.0 |       0 |       4 |   0.0 |    25
               +---------+---------+-------+---------+---------+-------+---------
